 Dungeon Crawl Stone Soup version 0.28.0-1-gb440e238dd (webtiles) character file.

Game seed: 997923260651525198

10 SnakkuSnakku7 the Firebug (level 2, -3/19 HPs)
             Began as a Demonspawn Fire Elementalist on Feb 20, 2022.
             Slain by an adder (5 damage)
             ... on level 2 of the Dungeon.
             The game lasted 00:01:21 (561 turns).

SnakkuSnakku7 the Firebug (DsFE)                     Turns: 561, Time: 00:01:22

Health: -3/19      AC:  2    Str:  8    XL:     2   Next: 10%
Magic:  7/14       EV: 12    Int: 16    God:
Gold:   27         SH:  0    Dex: 13    Spells: 4/5 levels left

rFire   . . .      SeeInvis .   (no weapon)
rCold   . . .      Faith    .   (no shield)
rNeg    . . .      Spirit   .   a - +0 robe
rPois   .          Reflect  .   (no helmet)
rElec   .          Harm     .   (no cloak)
rCorr   .          Rampage  .   (no gloves)
Will    .....                   (no boots)
Stlth   ++........              (no amulet)
HPRegen 0.06/turn               d - ring of magical power
MPRegen 0.14/turn               (no ring)

@: lethally poisoned (-3 -> -12), very slightly contaminated
A: demonic magic 1
a: no special abilities


You were on level 2 of the Dungeon.
You visited 1 branch of the dungeon, and saw 2 of its levels.

You collected 27 gold pieces.

Inventory:

Armour
 a - a +0 robe (worn)
Jewellery
 d - a ring of magical power (left hand)
 e - an amulet of the acrobat
Scrolls
 c - a scroll of identify {unknown}
Potions
 b - a potion of lignification {unknown}


   Skills:
 - Level 1.7 Dodging
 - Level 1.7 Stealth
 - Level 2.0 Spellcasting
 + Level 1.6 Conjurations
 + Level 3.0 Fire Magic


You had 4 spell levels left.
You knew the following spells:

 Your Spells              Type           Power      Damage    Failure   Level
a - Foxfire               Conj/Fire      36%        2x1d5     8%          1

Your spell library contained the following spells:

 Spells                   Type           Power      Damage    Failure   Level
 Scorch                   Fire           22%        2d6       9%          2
 Conjure Flame            Conj/Fire      9%         6-21      24%         3
 Inner Flame              Hex/Fire       6%         N/A       32%         3
 Flame Wave               Conj/Fire      9%         2d5       61%         4


Dungeon Overview and Level Annotations

Branches:
Dungeon (1/15)

Altars:

Shops:
D:1 :   D:2 (


Innate Abilities, Weirdness & Mutations

Spells you cast may paralyse adjacent enemies.


Message History

The adder closely misses you.
Casting: Foxfire (safe; 8% risk of failure)
Press: ? - help, Q - select action Dir - look around, f - activate You conjure some foxfire!
Malevolent energies surge around you.
The adder suddenly stops moving!
The helpless adder fails to defend itself.
You hit the adder.
The adder is moderately wounded.
The foxfire hits the adder.
The adder is heavily wounded.
Unknown command.
Casting: Foxfire (safe; 8% risk of failure)
Press: ? - help, Q - select action Dir - look around, f - activate You conjure some foxfire!
Malevolent energies surge around you.
Unknown command.
The helpless adder fails to defend itself.
You hit the adder.
The adder is heavily wounded.
The adder is no longer paralysed.
The foxfire hits the adder.
The adder is almost dead.
The adder bites you.
You are poisoned.
The adder poisons you!
Casting: Foxfire (safe; 8% risk of failure)
Press: ? - help, Q - select action Dir - look around, f - activate You miscast Foxfire.
Nothing appears to happen.
You feel sick. The adder bites you. The adder barely misses you.
You closely miss the adder.
The adder is almost dead.
You feel sick. The adder bites you.
* * * LOW HITPOINT WARNING * * *
You are more poisoned.
The adder poisons you!
Unknown command.
Casting: Foxfire (safe; 8% risk of failure)
Press: ? - help, Q - select action Dir - look around, f - activate You conjure some foxfire!
Malevolent energies surge around you.
* * * LOW HITPOINT WARNING * * *
You feel sick. The adder bites you.
You die...

###
#.################
#..............v@#
#.##############S#
#.# #.Kl# #.# #.###
#.# #.# #.#
#######'#### #.#
###..........# #.#
##...##...K...#
#.###.)...#.......#


You could see an adder (ally target), a kobold and a frilled lizard.

Vanquished Creatures
  A worm (D:2)
  2 bats
  A goblin (D:1)
  2 frilled lizards (D:1)
  3 rats (D:1)
9 creatures vanquished.

Vanquished Creatures (others)
  28 foxfires
28 creatures vanquished.

Grand Total: 37 creatures vanquished

Notes
Turn   | Place    | Note
-------+----------+-------------------------------------------
     0 | D:1      | SnakkuSnakku7 the Demonspawn Fire Elementalist began the
                  | quest for the Orb.
     0 | D:1      | Reached XP level 1. HP: 13/13 MP: 3/3
   166 | D:1      | Found Raomiforph's Book Boutique.
   462 | D:1      | You fall into a shaft and drop 1 floor!
   491 | D:2      | Found Rayng's Weapon Shoppe.
   497 | D:2      | Reached skill level 3 in Fire Magic
   497 | D:2      | Gained mutation: Spells you cast may paralyse adjacent
                  | enemies. [demonic ancestry]
   497 | D:2      | Reached XP level 2. HP: 19/19 MP: 5/5
   561 | D:2      | Slain by an adder

Illustrated notes

Levels and vault maps discovered:
D:1:      kilobyte_arrival_exit_the_forest, layout_rooms, serial_shops,
          nicolae_shop_statue_plus, shapermc_ecumenical_altar_gd
D:2:      layout_basic, serial_shops, nicolae_shop_bloodbath_and_beyond

Skill      XL: |  1 |
---------------+----+-----
Fire Magic     | 3 |  3.0
Dodging        | |  1.7
Stealth        | |  1.7
Spellcasting   | |  2.0
Conjurations   | |  1.6

Action                   || total
-------------------------++-------
Melee: Unarmed           ||    12
 Cast: Foxfire           ||    21
 Stab: Paralysed         ||     2
Armor: Robe              ||     8
Dodge: Dodged            ||    20
